 Dungeon Crawl Stone Soup version 0.27-a0-1245-g940ed4fa31 (webtiles) character file.

Game seed: 15614507336620412194

4537 tilp the Summoner (level 10, -1/76 HPs)
             Began as a Barachi Summoner on June 9, 2021.
             Was a High Priest of Okawaru.
             Shot with an arrow by a centaur warrior (6 damage)
             ... on level 10 of the Dungeon.
             The game lasted 00:21:39 (13107 turns).

tilp the Summoner (Barachi Summoner)               Turns: 13107, Time: 00:21:40

Health: -1/76      AC: 15    Str: 12    XL:     10   Next: 40%
Magic:  18/18      EV: 11    Int: 16    God:    Okawaru [*****.]
Gold:   676        SH:  0    Dex: 13    Spells: 3/20 levels left

rFire    + . .     SeeInvis .   a - +1 short sword (elec)
rCold    . . .     Faith    .   (no shield)
rNeg     . . .     Spirit   .   P - +3 ring mail
rPois    +         Reflect  .   C - +2 helmet
rElec    .         Harm     .   (no cloak)
rCorr    .         Rampage  .   D - +1 pair of gloves
Will     .....                  O - +1 pair of boots {Fly}
Stlth    ++........             n - amulet of regeneration
HPRegen  1.22/turn              j - ring of poison resistance
MPRegen  0.16/turn              g - ring of protection from fire

@: flying, slow
A: amphibious, slowness 1, strong legs 1, +LOS
a: Hop, Renounce Religion, Heroism, Finesse


You were on level 10 of the Dungeon.
You worshipped Okawaru.
Okawaru was extremely pleased with you.
You visited 2 branches of the dungeon, and saw 11 of its levels.
You also visited: Ossuary.

You collected 676 gold pieces.

Inventory:

Hand Weapons
 a - a +1 short sword of electrocution (weapon)
 b - a +2 short sword of freezing
 o - a +2 vampiric halberd
 G - a +0 halberd of flaming
 N - a +0 whip of electrocution
Missiles
 w - 7 atropa-tipped darts
 y - 2 poisoned darts (quivered)
 M - a curare-tipped dart
Armour
 r - a +4 scale mail
 v - a +2 leather armour of fire resistance
 C - a +2 helmet (worn)
 D - a +1 pair of gloves (worn)
 L - +0 steam dragon scales
 O - a +1 pair of boots of flying (worn)
 P - a +3 ring mail (worn)
 R - a +0 buckler
Jewellery
 g - a ring of protection from fire (right hand)
 j - a ring of poison resistance (left hand)
 n - an amulet of regeneration (around neck)
 s - a ring of positive energy
 E - an amulet of guardian spirit
Wands
 i - a wand of charming (9)
 p - a wand of paralysis (6)
 z - a wand of acid (12)
 J - a wand of iceblast (22)
 K - a wand of mindburst (20)
Scrolls
 k - a scroll of silence
 m - 3 scrolls of amnesia
 q - 5 scrolls of teleportation
 u - a scroll of fear
 B - 7 scrolls of identify
 F - a scroll of fog
 H - a scroll of enchant weapon
Potions
 c - 2 potions of invisibility
 d - 6 potions of curing
 e - a potion of magic
 f - 4 potions of mutation
 h - 2 potions of attraction
 l - 4 potions of haste
 t - 2 potions of brilliance
 A - 2 potions of ambrosia
 I - 4 potions of heal wounds
 Q - a potion of lignification {unknown}
Miscellaneous
 x - a phantom mirror


   Skills:
 - Level 6.0 Fighting
 - Level 4.0 Dodging
 - Level 4.0 Stealth
 + Level 5.5 Spellcasting
 + Level 10.9 Summonings
 - Level 4.0 Ice Magic
 + Level 2.1 Air Magic
 - Level 6.0 Invocations
 - Level 4.0 Evocations


You had 3 spell levels left.
You knew the following spells:

 Your Spells              Type           Power      Damage    Failure   Level
a - Summon Small Mammal   Summ           100%       N/A       1%          1
b - Call Imp              Summ           39%        N/A       1%          2
c - Call Canine Familiar  Summ           39%        N/A       1%          3
d - Summon Guardian Gole  Hex/Summ       21%        N/A       11%         3
e - Summon Ice Beast      Ice/Summ       28%        N/A       16%         4
f - Summon Lightning Spi  Summ/Air       25%        N/A       22%         4

Your spell library contained the following spells:

 Spells                   Type           Power      Damage    Failure   Level
 Corona                   Hex            4%         N/A       32%         1
 Magic Dart               Conj           16%        1d3       32%         1
 Sandblast                Erth           8%         2d5       32%         1
 Passwall                 Tmut/Erth      3%         N/A       45%         2
 Searing Ray              Conj           8%         3d3       45%         2
 Slow                     Hex            4%         N/A       45%         2
 Confusing Touch          Hex            4%         N/A       69%         3
 Dazzling Flash           Conj/Hex       8%         N/A       69%         3
 Gell's Gravitas          Tloc           2%         N/A       69%         3
 Inner Flame              Hex/Fire       4%         N/A       69%         3
 Portal Projectile        Hex/Tloc       8%         N/A       69%         3
 Stone Arrow              Conj/Erth      8%         3d7       69%         3
 Cause Fear               Hex            2%         N/A       97%         4
 Fulminant Prism          Conj/Hex       2%         3d6       97%         4
 Iskenderun's Mystic Bla  Conj/Tloc      4%         2d3       97%         4
 Leda's Liquefaction      Hex/Erth       2%         N/A       97%         4
 Petrify                  Tmut/Erth      4%         N/A       97%         4
 Metabolic Englaciation   Hex/Ice        5%         N/A       99%         5
 Lee's Rapid Deconstruct  Erth           2%         3d5*      100%        5
 Yara's Violent Unravell  Hex/Tmut       2%         3d3       100%        5


Dungeon Overview and Level Annotations

Branches:
Dungeon (10/15)            Temple (1/1) D:5            Lair (0/6) D:9
    Orc (0/2) D:9         Ossuary (visited)

Altars:
Ashenzari
Cheibriados
Dithmenos
Elyvilon
Fedhas
Gozag
Hepliaklqana
Kikubaaqudgha
Makhleb
Nemelex Xobeh
Okawaru
Qazlal
Ru
Sif Muna
Trog
Uskayaw
Vehumet
Wu Jian
Xom
Yredelemnul
Zin
The Shining One

Annotations:
D:5 Edmund, Sigmund


Innate Abilities, Weirdness & Mutations

You are amphibious.
You cover ground slowly.
You can hop short distances.
You have an extended range of vision and can be seen from far away.


Message History

Your lightning spire shoots out a bolt of lightning at the tengu conjurer!
The bolt of electricity hits the tengu conjurer!
Casting: Summon Lightning Spire (dangerous; 24% risk of failure)
Confirm with . or Enter, or press ? or * to list all spells.
A chill wind blows around you.
Your lightning spire shoots out a bolt of lightning at the tengu conjurer!
The bolt of electricity hits the tengu conjurer!
Unknown command.
Your lightning spire shoots out a bolt of lightning at the tengu conjurer!
The bolt of electricity hits the tengu conjurer!
The tengu conjurer hits your lightning spire.
The tengu conjurer pecks your lightning spire but does no damage.
The tengu conjurer claws your lightning spire but does no damage.
Your ice beast barely misses the tengu conjurer.
The tengu conjurer hits your lightning spire but does no damage.
The tengu conjurer pecks your lightning spire but does no damage.
The tengu conjurer claws your lightning spire.
You hit the tengu conjurer.
Lightning courses through the tengu conjurer!
You kill the tengu conjurer!
Okawaru accepts your kill.
Your Air Magic skill increases to level 2!
Things that are here:
a +0 buckler; a tengu corpse
R - a +0 buckler Your lightning spire disappears in a puff of smoke!
Your ice beast disappears in a puff of smoke!
y - 2 poisoned darts (gained 1)
The centaur warrior shouts!
The centaur warrior shoots an arrow.
The arrow hits you.
The centaur warrior shoots an arrow.
The arrow hits you!
Unknown command.
The centaur warrior shoots an arrow.
The arrow hits you.
The centaur warrior shoots an arrow.
The arrow hits you!!
The centaur warrior shoots an arrow.
The arrow hits you!!
* * * LOW HITPOINT WARNING * * *
The centaur warrior shoots an arrow.
The arrow hits you!
* * * LOW HITPOINT WARNING * * *
The centaur warrior shoots an arrow.
The arrow hits you.
You die...

##..†.)..####..##..#...##c##.##u#
.#...#.†.#.###.##.##...##...u...#
.#...#...#.# #....#.c...##.#.#.##
.'#######'.# #...##....c##.....#.
.....##....###...#.#####.##.#.##.
.###.#####......##.# #.##...#..
.....# #####..#..# #..##.##..
####.# #..#..#c...[.##.#..# #.#
#..@#############.##
#.#########.)...............#
#.............#.....#########
#############.####.## #......#
########


You could see a centaur warrior.

Vanquished Creatures
  Maggie (D:7)
  A tengu conjurer (D:10)
  A troll (D:10)
  3 wyverns
  2 wraiths
  A steam dragon (D:9)
  An acid dragon (D:8)
  An orc warrior (D:8)
  An ice beast (D:8)
  4 necrophages
  3 centaurs
  A phantom (D:9)
  A bullfrog (D:7)
  A wyvern skeleton (D:7)
  A water moccasin zombie (D:5)
  3 wights (Ossuary)
  2 howler monkeys
  An electric eel (D:9)
  A centaur zombie (D:10)
  2 hounds
  A jelly (D:8)
  2 orc priests
  2 centaur skeletons (D:7)
  A bullfrog skeleton (D:5)
  A gnoll shaman (D:8)
  4 iguanas
  8 orc wizards
  A scorpion zombie (D:5)
  6 ogre zombies (D:9)
  2 howler monkey zombies
  6 gnolls
  2 adders
  A howler monkey skeleton (D:5)
  3 white imps
  3 adder zombies (Ossuary)
  2 worms
  12 orcs
  4 ball pythons
  4 bats
  2 endoplasms (D:3)
  2 giant cockroaches
  4 goblins
  5 hobgoblins
  A jackal (D:1)
  7 kobolds
  7 quokkas
  A ball python skeleton (Ossuary)
  A frilled lizard (D:1)
  4 goblin skeletons (D:9)
  A goblin zombie (D:9)
  A hobgoblin skeleton (D:9)
  A hobgoblin zombie (D:9)
  An orc skeleton (D:9)
  7 orc zombies (D:9)
  A rat (D:1)
143 creatures vanquished.

Vanquished Creatures (collateral kills)
  A troll (D:10)
  A shadow (D:9)
  2 wraiths
  A yak (D:8)
  A sky beast (D:5)
  An orc warrior (D:9)
  A black bear (D:6)
  3 centaurs
  An ogre (D:5)
  A kobold brigand (D:9)
  A gnoll sergeant (D:8)
  A wight (Ossuary)
  A jelly (D:4)
  3 iguanas
  5 orc wizards
  2 ogre zombies (D:9)
  A hound skeleton (D:5)
  3 gnolls
  5 adders
  13 orcs
  A bat (D:1)
  4 hobgoblins
  7 jackals
  5 kobolds
  2 frilled lizards
  3 goblins
  A hobgoblin skeleton (Ossuary)
  A hobgoblin zombie (D:9)
  2 orc skeletons (D:9)
  7 orc zombies (D:9)
81 creatures vanquished.

Grand Total: 224 creatures vanquished

Notes
Turn   | Place    | Note
-------+----------+-------------------------------------------
     0 | D:1      | tilp the Barachi Summoner began the quest for the Orb.
     0 | D:1      | Reached XP level 1. HP: 13/13 MP: 3/3
   152 | D:1      | Reached skill level 1 in Fighting
   259 | D:1      | Found a faded altar of an unknown god.
   686 | D:1      | Reached XP level 2. HP: 7/22 MP: 3/5
   689 | D:1      | Learned a level 2 spell: Call Imp
  1441 | D:2      | Reached skill level 5 in Summonings
  1583 | D:2      | Reached XP level 3. HP: 27/27 MP: 3/6
  1587 | D:2      | Learned a level 3 spell: Call Canine Familiar
  3151 | D:3      | Reached XP level 4. HP: 33/33 MP: 5/8
  3267 | D:3      | Reached skill level 6 in Summonings
  3463 | D:3      | Reached XP level 5. HP: 31/39 MP: 9/9
  4297 | D:4      | Noticed a necrophage
  4808 | D:4      | Killed a necrophage
  4809 | D:4      | Reached XP level 6. HP: 47/47 MP: 3/10
  5187 | D:5      | Entered Level 5 of the Dungeon
  5312 | D:5      | Found a staircase to the Ecumenical Temple.
  5567 | Temple   | Entered the Ecumenical Temple
  5785 | Temple   | Became a worshipper of Warmaster Okawaru
  5851 | D:5      | Reached XP level 7. HP: 44/54 MP: 7/11
  6038 | D:5      | Reached skill level 1 in Invocations
  6137 | D:5      | Noticed Sigmund
  6149 | D:5      | Noticed Edmund
  6607 | D:5      | Reached * piety under Okawaru
  6926 | D:6      | Found a sand-covered staircase.
  6936 | Ossuary  | Entered an ossuary
  7001 | Ossuary  | Reached XP level 8. HP: 53/60 MP: 8/13
  7087 | Ossuary  | Noticed a wraith
  7087 | Ossuary  | Noticed a flying skull
  7099 | Ossuary  | Noticed a wraith
  7104 | Ossuary  | Killed a wraith
  7105 | Ossuary  | Reached skill level 7 in Summonings
  7122 | Ossuary  | Noticed a flying skull
  7124 | Ossuary  | Noticed a flying skull
  7129 | Ossuary  | Noticed a wraith
  7136 | Ossuary  | Killed a wraith
  7187 | Ossuary  | Noticed a flying skull
  7188 | Ossuary  | Noticed a flying skull
  7226 | Ossuary  | Reached skill level 8 in Summonings
  7545 | D:6      | Reached ** piety under Okawaru
  7546 | D:6      | Reached skill level 1 in Evocations
  7994 | D:7      | Reached skill level 5 in Fighting
  8015 | D:7      | Learned a level 3 spell: Summon Guardian Golem
  8039 | D:7      | Noticed a wyvern
  8049 | D:7      | Killed a wyvern
  8146 | D:7      | Noticed Maggie
  8158 | D:7      | Killed Maggie
  8159 | D:7      | Reached XP level 9. HP: 69/69 MP: 1/15
  8793 | D:8      | Reached skill level 9 in Summonings
  8946 | D:8      | Reached *** piety under Okawaru
  9435 | D:8      | Reached skill level 10 in Summonings
  9440 | D:8      | Learned a level 4 spell: Summon Ice Beast
 10144 | D:8      | Reached skill level 5 in Invocations
 10650 | D:9      | Reached skill level 1 in Ice Magic
 10677 | D:9      | Reached **** piety under Okawaru
 10724 | D:9      | Found a staircase to the Orcish Mines.
 10775 | D:9      | Reached XP level 10. HP: 61/76 MP: 4/16
 11217 | D:9      | Found a staircase to the Lair.
 11250 | D:9      | Reached skill level 5 in Spellcasting
 11404 | D:9      | Found a white marble altar of Elyvilon.
 11624 | D:9      | Learned a level 4 spell: Summon Lightning Spire
 12014 | D:10     | Entered Level 10 of the Dungeon
 12265 | D:10     | Reached ***** piety under Okawaru
 12266 | D:10     | Reached skill level 1 in Air Magic
 12585 | D:10     | Noticed a centaur warrior
 12804 | D:10     | Found a sacrificial altar of Ru.
 12919 | D:10     | Noticed a boulder beetle
 12919 | D:10     | Noticed a centaur warrior
 12919 | D:10     | Noticed a brown ugly thing
 12933 | D:10     | Noticed a purple ugly thing
 13107 | D:10     | Shot with an arrow by a centaur warrior

Illustrated notes

Levels and vault maps discovered:
D:1:      onia_arrival_pyramid, layout_loops_ring,
          shapermc_ecumenical_altar_venn, hangedman_decor_push
D:2:      layout_loops_corners
D:3:      layout_loops_ring
D:4:      layout_rooms, kennysheep_opposing_triangles
D:5:      layout_loops_ring, minmay_temple_entry_glass,
          minmay_chambers_of_fives, uniq_edmund, uniq_sigmund
D:6:      layout_rooms, enter_ossuary_1, minmay_between
D:7:      layout_basic, uniq_maggie
D:8:      minmay_recursive_quarters, layout_cave_pools
D:9:      layout_stronghold, elyvilon_altar_5, dpeg_oklobed_lair,
          zombieorc2_lemuel, kennysheep_small_spiral
D:10:     minmay_the_grid_triangle_9x9_rhombus_thin
          [minmay_the_grid_triangle_9x9_shrine,
          minmay_the_grid_triangle_9x9_prize_insulated,
          minmay_the_grid_triangle_9x9_intruding_spiral,
          minmay_the_grid_triangle_9x9_descending_squares], layout_loops_ring,
          nicolae_ru_great_annihilating_truth, minmay_crystal_water,
          hangedman_abyss_or_decor_stagger
Temple:   regret_index_temple_chain_breaker

Skill      XL: |  1  2  3  4  5  6  7  8  9 10 |
---------------+-------------------------------+-----
Fighting       | 1 2 3 4 6 |  6.0
Summonings     | 5 6 8 10 | 10.9
Spellcasting   | 3 4 5 |  5.5
Stealth        | 2 3 4 |  4.0
Dodging        | 3 4 |  4.0
Invocations    | 4 6 |  6.0
Evocations     | 4 |  4.0
Ice Magic      | 2 4 |  4.0
Air Magic      | 2 |  2.1

Action                   |  1- 3 |  4- 6 |  7- 9 | 10-12 || total
-------------------------+-------+-------+-------+-------++-------
Melee: Dagger            |    87 |       |       |       ||    87
       Unarmed           |     8 |       |       |       ||     8
       Club              |     5 |       |       |       ||     5
       Short sword       |     4 |   116 |   291 |   110 ||   521
Throw: Dart              |       |       |       |     1 ||     1
 Cast: Summon Small Mamm |    16 |     2 |     1 |       ||    19
       Call Imp          |    19 |    17 |    53 |       ||    89
       Call Canine Famil |       |    13 |    29 |     5 ||    47
       Summon Ice Beast  |       |       |     3 |    11 ||    14
       Summon Lightning  |       |       |       |     3 ||     3
Invok: Heroism           |       |       |     4 |     1 ||     5
 Abil: Hop               |       |     1 |     1 |       ||     2
Evoke: Wand              |       |       |       |     2 ||     2
  Use: Scroll            |    11 |     6 |     8 |     1 ||    26
 Stab: Distracted        |     1 |     2 |     2 |       ||     5
       Sleeping          |     3 |     4 |     4 |     3 ||    14
Armor: Robe              |    32 |    16 |    24 |       ||    72
       Scale mail        |       |       |     1 |       ||     1
       Steam dragon scal |       |       |    91 |    70 ||   161
       Ring mail         |       |       |       |     3 ||     3
Dodge: Dodged            |    94 |    66 |   224 |   108 ||   492

Table legend: (Time is in decaauts)
 A = Elapsed time spent in this place.
 B = Non-inter-level travel time spent in this place.
 C = Inter-level travel time spent in this place.
 D = Time resting spent in this place.
 E = Time spent auto-exploring this place.
 F = Levels seen in this place.
 G = Mean time per level.
                   A        B        C        D        E       F      G
               +--------+--------+--------+--------+--------+-----+--------+
         Total |  14629 |  13781 |    848 |   1998 |   9178 |  12 | 1219.1 |
       Dungeon |  13844 |  13069 |    775 |   1812 |   8925 |  10 | 1384.4 |
        Temple |    281 |    208 |     73 |      0 |    204 |   1 |  281.0 |
       Ossuary |    503 |    503 |      0 |    186 |     48 |   1 |  503.0 |
               +--------+--------+--------+--------+--------+-----+--------+

Top non-repeatable levels by time:
     D:8: 1770 daAuts
     D:2: 1620 daAuts
     D:9: 1596 daAuts
     D:1: 1502 daAuts
     D:3: 1493 daAuts
     D:4: 1326 daAuts
     D:5: 1278 daAuts
    D:10: 1256 daAuts
     D:7: 1206 daAuts
     D:6: 794 daAuts
 Ossuary: 503 daAuts
  Temple: 281 daAuts
